 Dungeon Crawl Stone Soup version 0.19-a0-1540-g35a11b8 (webtiles) character file.

611 Swayfe the Digger (level 7, -5/36 HPs)
             Began as a Gargoyle Earth Elementalist on Sept 14, 2016.
             Slain by Duvessa
             ... wielding a +0 rapier
              (21 damage)
             ... on level 4 of the Dungeon.
             The game lasted 00:11:15 (2836 turns).

Swayfe the Digger (Gargoyle Earth Elementalist)     Turns: 2836, Time: 00:11:16

Health: -5/36      AC:  7    Str: 12    XL:     7   Next: 43%
Magic:  12/15      EV: 12    Int: 17    God:
Gold:   233        SH:  0    Dex: 10    Spells: 2 memorised, 12 levels left

rFire  . . .     SeeInvis .     b - 73 stones
rCold  . . .     Gourm    .     c - +0 robe
rNeg   + . .     Faith    .     (no shield)
rPois  ∞         Spirit   .     (no helmet)
rElec  +         Dismiss  .     (no cloak)
rCorr  .         Reflect  .     o - +0 pair of gloves
MR     .....     Harm     .     (no boots)
Stlth  +.........               (no amulet)
                                (no ring)
                                (no ring)

@: very slightly contaminated, glowing
A: negative energy resistance 1, electricity resistance, unbreathing,
petrification resistance, rot immunity, AC +4
a: no special abilities


You were on level 4 of the Dungeon.
You were hungry.

You visited 1 branch of the dungeon, and saw 4 of its levels.

You collected 233 gold pieces.

Inventory:

Hand Weapons
 a - a +0 club
 i - a +2 dagger of draining
 k - a +0 whip
 s - a +1 short sword of venom
 v - a +0 mace
Missiles
 b - 73 stones (in hand)
Armour
 c - a +0 robe (worn)
 o - a +0 pair of gloves (worn)
 r - a +2 leather armour of positive energy
Scrolls
 m - a scroll of remove curse
 t - 2 scrolls of recharging
 u - a scroll of teleportation
Potions
 g - a potion of magic
 j - a potion of agility {unknown}
 n - 2 potions of heal wounds {unknown}
 p - 2 potions of curing {unknown}
 q - 3 potions of lignification {unknown}
 w - a potion of invisibility
Books
 e - a book of Geomancy

   Spells                             Type                      Level
   a - Sandblast                      Earth                        1
   b - Passwall                       Transmutation/Earth          2
   c - Stone Arrow                    Conjuration/Earth            3
   d - Petrify                        Transmutation/Earth          4
   e - Lee's Rapid Deconstruction     Earth                        5
Comestibles
 d - 4 bread rations
 h - 2 beef jerkies
 l - 2 meat rations
 x - 4 fruits


   Skills:
 - Level 1.5 Dodging
 - Level 2.1 Stealth
 * Level 5.3 Spellcasting
 + Level 3.5 Conjurations
   Level 0.7 Transmutations
 + Level 6.1 Earth Magic


You had 12 spell levels left.
You knew the following spells:

 Your Spells              Type           Power        Failure   Level  Hunger
a - Sandblast             Erth           ####..       1%          1    None
b - Stone Arrow           Conj/Erth      ###...       8%          3    ##.....


Dungeon Overview and Level Annotations

Branches:
Dungeon (4/15)
 Temple: D:4-7

Altars:
Fedhas

Annotations:
D:4 Duvessa


Innate Abilities, Weirdness & Mutations

You are resistant to torment.
Your stone body is resilient. (AC +4)
You are immune to poison.
You resist negative energy. (rN+)
You are resistant to electric shocks. (rElec)
You can survive without breathing.
You are immune to petrification.
You are immune to rotting.


Message History

Duvessa is severely wounded.
The adder bites you. Duvessa hits you with a rapier.
The adder barely misses you. Duvessa hits you with a rapier.
Casting: Stone Arrow
Confirm with . or Enter, or press ? or * to list all spells.
You don't have enough magic to cast that spell.
Unknown command.
Magic courses through your body. The adder completely misses you.
Duvessa closely misses you.
Unknown command.
Casting: Stone Arrow
Confirm with . or Enter, or press ? or * to list all spells.
Aiming: Stone Arrow
Press: ? - help, Shift-Dir - straight line, f/p - Duvessa
Aim: Duvessa, wielding a rapier (severely wounded, berserk, fast, unusually strong)
The stone arrow hits Duvessa.
Duvessa is almost dead.
Duvessa hits you with a rapier!!
Ouch! That really hurt!
You die...

######### ## #.......#
########. #.......#
#......#. #.......#
#......'. #.......#
#......#. #.......#
#......#.
#......@#########.#####.
#######Se.........#.....
......'........#..#.....
......#........#..#.....
......#........#..#.....
..... #........#..#.....
##... #........####.....
#.. ###+####.........#
#.. +.........#


You could see Duvessa (berserk) and an adder.

Vanquished Creatures
  Grinder (D:3)
  Sigmund (D:2)
  An ogre (D:3)
  Dowan (D:4)
  A centaur zombie (D:3)
  Ijyb (D:3)
  An adder (D:3)
  A worm (D:3)
  2 giant geckos
  2 orcs (D:4)
  4 bats
  3 giant cockroaches (D:2)
  6 goblins
  7 hobgoblins
  6 jackals
  A quokka (D:3)
  A giant newt (D:2)
  A jackal skeleton (D:4)
  8 kobolds
  7 rats
56 creatures vanquished.

Notes
Turn   | Place    | Note
-------+----------+-------------------------------------------
     0 | D:1      | Swayfe the Gargoyle Earth Elementalist began the quest for the Orb.
     0 | D:1      | Reached XP level 1. HP: 10/10 MP: 3/3
   347 | D:1      | Reached XP level 2. HP: 14/15 MP: 5/5
   734 | D:2      | Reached skill level 4 in Earth Magic
   869 | D:2      | Reached XP level 3. HP: 19/19 MP: 6/6
   881 | D:2      | Learned a level 3 spell: Stone Arrow
  1169 | D:2      | Noticed Sigmund
  1178 | D:2      | Killed Sigmund
  1178 | D:2      | Reached skill level 5 in Earth Magic
  1178 | D:2      | Reached XP level 4. HP: 24/24 MP: 3/9
  1178 | D:2      | Reached XP level 5. HP: 28/28 MP: 3/10
  1377 | D:2      | Found a blossoming altar of Fedhas.
  1564 | D:3      | Noticed Grinder
  1577 | D:3      | Killed Grinder
  1577 | D:3      | Reached XP level 6. HP: 24/32 MP: 2/13
  1762 | D:3      | Noticed Ijyb
  1786 | D:3      | Killed Ijyb
  2056 | D:3      | Reached skill level 5 in Spellcasting
  2056 | D:3      | Reached XP level 7. HP: 36/36 MP: 9/14
  2403 | D:3      | Reached skill level 6 in Earth Magic
  2823 | D:4      | Noticed Duvessa
  2823 | D:4      | Noticed Dowan
  2831 | D:4      | Killed Dowan
  2836 | D:4      | Slain by Duvessa

Vault maps used:
D:1:      dpeg_arrival_rooms_c
D:2:      fedhas_altar_4, uniq_sigmund
D:3:      first_bread, minmay_goblin_outpost, uniq_grinder, uniq_iyjb
D:4:      uniq_duvessa

Skill      XL: |  1  2  3  4  5  6  7 |
---------------+----------------------+-----
Earth Magic    | 4 5 6 |  6.1
Spellcasting   | 3 4 5 |  5.3
Conjurations   | 2 3 |  3.5
Dodging        | |  1.5
Stealth        | |  2.1
Transmutations | |  0.7

Action                   |  1- 3 |  4- 6 |  7- 9 || total
-------------------------+-------+-------+-------++-------
Melee: Dagger            |    51 |       |       ||    51
       Club              |     9 |       |       ||     9
       Short sword       |     2 |     6 |       ||     8
 Cast: Sandblast         |     6 |    26 |    18 ||    50
       Stone Arrow       |       |     1 |     9 ||    10
  Use: Scroll            |     5 |     4 |     1 ||    10
       Potion            |     1 |       |     2 ||     3
 Stab: Sleeping          |     5 |     1 |       ||     6
  Eat: Chunk             |     1 |     3 |     2 ||     6
Armor: Robe              |    23 |    17 |     4 ||    44
Dodge: Dodged            |    59 |    25 |    15 ||    99
